Map: Proxima Station LE

Players

MaNa - Winner!

  • Race: Protoss Protoss
  • Spawn Location: 1:00

aAaMiNiMaTh (MiNiMaTh)

  • Race: Zerg Zerg
  • Spawn Location: 7:00

Event: IEM XI Katowice - World Championship 2017

VOD

Have the link to the VOD?

Description

Time

  • Played on: Feb. 28, 2017, 11:34 a.m.
  • Length: 13:45

All games in this series

Show
View Real Time Build Order
Export as new Build Order

MaNa Protoss - Winner!

Build Orders: 1 Gate Expand, Oracle Opening 

Get SALT Encoding   

  12  0:00  Probe (Chrono Boost)  
  13  0:11  Probe (Chrono Boost)  
  14  0:17  Pylon  
  14  0:22  Probe (Chrono Boost)  
  15  0:35  Probe (Chrono Boost)  
  16  0:38  Gateway  
  16  0:44  Assimilator  
  16  0:48  Probe (Chrono Boost)  
  17  0:58  Probe (Chrono Boost)  
  18  1:09  Probe (Chrono Boost)  
  19  1:19  Probe (Chrono Boost)  
  20  1:27  Nexus  
  20  1:35  Cybernetics Core  
  20  1:37  Probe (Chrono Boost)  
  21  1:48  Probe (Chrono Boost)  
  21  1:49  Assimilator  
  21  1:52  Pylon  
  22  1:58  Probe (Chrono Boost)  
  23  2:10  Probe (Chrono Boost)  
  23  2:11  Stalker  
  23  2:12  Warp Gate  
  26  2:21  Probe (Chrono Boost)  
  27  2:31  Probe (Chrono Boost)  
  27  2:35  Stargate  
  28  2:40  Probe (Chrono Boost)  
  28  2:42  Adept, Probe (Chrono Boost)  
  32  2:51  Probe (Chrono Boost)  
  32  2:52  Probe (Chrono Boost)  
  33  3:02  Probe (Chrono Boost)  
  33  3:03  Probe (Chrono Boost)  
  35  3:12  Probe (Chrono Boost)  
  36  3:14  Probe (Chrono Boost)  
  36  3:15  Oracle  
  36  3:19  Gateway  
  40  3:20  Gateway  
  40  3:23  Probe (Chrono Boost)  
  40  3:26  Probe (Chrono Boost)  
  42  3:32  Pylon  
  42  3:35  Mothership Core (Chrono Boost)  
  42  3:38  Probe (Chrono Boost)  
  45  3:42  Pylon  
  45  3:50  Probe (Chrono Boost)  
  45  3:53  Probe (Chrono Boost)  
  47  4:01  Nexus  
  48  4:02  Probe (Chrono Boost)  
  48  4:03  Probe (Chrono Boost)  
  48  4:07  Oracle  
  52  4:18  Pylon  
  52  4:19  Adept x2  
  52  4:22  Adept  
  52  4:23  Probe (Chrono Boost)  
  59  4:25  Probe (Chrono Boost)  
  60  4:33  Probe (Chrono Boost)  
  60  4:36  Probe (Chrono Boost)  
  62  4:39  Assimilator  
  62  4:42  Assimilator  
  62  4:43  Robotics Facility  
  62  4:44  Probe (Chrono Boost)  
  63  4:47  Probe (Chrono Boost)  
  64  4:54  Probe (Chrono Boost), Void Ray  
  64  4:57  Pylon  
  69  5:03  Pylon  
  69  5:05  Probe (Chrono Boost)  
  70  5:13  Probe (Chrono Boost)  
  71  5:14  Probe (Chrono Boost)  
  71  5:16  Sentry, Probe (Chrono Boost)  
  71  5:21  Forge  
  75  5:23  Twilight Council, Probe (Chrono Boost)  
  75  5:25  Probe (Chrono Boost)  
  75  5:27  Probe (Chrono Boost)  
  78  5:33  Assimilator  
  78  5:34  Probe (Chrono Boost)  
  78  5:35  Assimilator, Probe (Chrono Boost)  
  80  5:37  Probe (Chrono Boost)  
  80  5:40  Immortal  
  85  5:45  Probe (Chrono Boost)  
  85  5:46  Probe (Chrono Boost)  
  85  5:47  Blink  
  85  5:48  Probe (Chrono Boost)  
  88  5:50  Protoss Ground Weapons Level 1  
  88  5:56  Probe x2 (Chrono Boost)  
  90  5:58  Pylon  
  90  6:00  Probe (Chrono Boost)  
  91  6:06  Probe (Chrono Boost)  
  91  6:07  Probe (Chrono Boost)  
  91  6:11  Pylon, Sentry  
  94  6:12  Probe (Chrono Boost), Sentry  
  94  6:17  Probe (Chrono Boost)  
  94  6:18  Probe (Chrono Boost)  
  100  6:22  Zealot, Warp Prism  
  100  6:24  Probe (Chrono Boost)  
  100  6:25  Pylon  
  105  6:27  Probe (Chrono Boost)  
  105  6:28  Pylon  
  106  6:34  Probe (Chrono Boost)  
  108  6:41  Probe (Chrono Boost)  
  108  6:44  Probe (Chrono Boost)  
  108  6:45  Probe (Chrono Boost)  
  110  6:49  Stalker x3  
  110  6:52  Gateway x2  
  116  6:55  Gateway  
  116  6:58  Templar Archives, Immortal  
  120  7:10  Gateway  
  120  7:18  Stalker x3  
  120  7:20  Photon Cannon  
  126  7:26  Psionic Storm  
  126  7:27  Nexus  
  126  7:30  Pylon  
  126  7:32  Pylon  
  126  7:36  Pylon  
  126  7:40  Immortal  
  126  7:42  Protoss Ground Weapons Level 2  
  126  7:48  High Templar x2  
  126  7:49  High Templar x2  
  138  7:54  Photon Cannon  
  138  7:55  Photon Cannon  
  138  7:58  Pylon  
  138  7:59  Photon Cannon  
  138  8:02  Pylon  
  138  8:03  Pylon  
  138  8:09  Pylon  
  138  8:10  Stalker x2  
  138  8:11  Photon Cannon  
  142  8:15  Immortal  
  142  8:18  Pylon  
  140  8:32  Stalker x4  
  146  8:41  Stalker  
  146  8:42  Stalker x2  
  146  8:46  Assimilator  
  152  8:56  Sentry x3  
  158  9:04  Assimilator  
  158  9:08  Assimilator  
  158  9:12  Gateway x2  
  158  9:13  High Templar x2  
  152  9:17  Pylon  
  152  9:20  Pylon  
  152  9:22  Pylon, Warp Prism  
  152  9:23  Charge  
  142  9:44  Stalker x2  
  142  9:45  Stalker x4  
  152  9:46  Stalker  
  156  9:53  Immortal  
  144  10:03  Protoss Ground Weapons Level 3  
  138  10:12  Stalker x2  
  138  10:13  Stalker x5  
  148  10:27  Immortal  
  152  10:36  Zealot x4  
  152  10:37  Sentry x3  
  152  10:42  Sentry x2  
  166  10:51  Gateway  
  166  10:52  Gateway  
  166  10:53  Photon Cannon  
  166  10:59  Fleet Beacon  
  166  11:02  Warp Prism  
  166  11:03  Nexus  
  166  11:10  Pylon  
  168  11:13  Pylon  
  168  11:15  Mothership Core (Chrono Boost)  
  170  11:24  High Templar x4  
  178  11:26  Photon Cannon  
  178  11:30  Photon Cannon  
  178  11:31  Archon x2, Photon Cannon  
  176  11:45  Zealot x5  
  150  12:19  Stalker  
  150  12:20  Stalker x8, Warp Prism  
  150  12:21  Gateway  
  162  12:24  Archon  
  162  12:26  Oracle  
  163  12:49  High Templar x4  
  163  12:50  High Templar x3  
  163  12:51  High Templar, Stalker  
  181  12:55  Archon x3  
  181  12:57  Archon  
  181  13:11  Assimilator  
  187  13:15  Assimilator  
  187  13:18  High Templar x3  
  193  13:27  Photon Cannon  
  193  13:28  Pylon  
  193  13:31  Zealot x2  
  193  13:32  Zealot  
Show
View Real Time Build Order
Export as new Build Order

aAaMiNiMaTh Zerg 

Build Orders: Hatch First 

Get SALT Encoding   

  12  0:00  Drone  
  13  0:12  Overlord  
  13  0:16  Drone  
  14  0:30  Drone  
  14  0:31  Drone  
  14  0:35  Drone  
  17  0:51  Hatchery  
  17  0:54  Drone  
  17  0:58  Drone  
  18  1:08  Extractor  
  17  1:13  Spawning Pool  
  17  1:15  Drone  
  17  1:19  Drone  
  18  1:28  Drone  
  19  1:42  Overlord  
  19  1:52  Drone  
  20  1:59  Queen  
  20  2:00  Zergling x2  
  23  2:03  Queen  
  23  2:04  Drone  
  26  2:09  Metabolic Boost  
  26  2:10  Drone  
  27  2:16  Drone  
  28  2:28  Zergling x2  
  29  2:36  Hatchery  
  28  2:38  Drone x2  
  30  2:50  Overlord  
  30  2:52  Drone x2  
  30  2:53  Drone  
  30  2:57  Queen  
  35  3:04  Drone  
  36  3:06  Overlord  
  36  3:12  Drone x3  
  39  3:15  Overlord  
  39  3:18  Drone  
  40  3:20  Drone  
  40  3:21  Drone  
  41  3:28  Drone x2  
  41  3:31  Overlord  
  43  3:39  Spore Crawler  
  42  3:42  Spore Crawler, Zergling x4  
  42  3:43  Zergling x4  
  42  3:45  Zergling x4  
  42  3:47  Zergling x2  
  48  3:49  Drone  
  48  3:51  Drone  
  48  3:53  Drone  
  51  4:02  Drone x3  
  54  4:04  Spore Crawler  
  54  4:08  Drone  
  54  4:16  Drone x4  
  56  4:17  Drone x3  
  56  4:18  Extractor, Drone  
  56  4:21  Drone  
  56  4:22  Evolution Chamber  
  56  4:23  Drone  
  60  4:28  Drone  
  60  4:35  Drone  
  60  4:38  Lair  
  61  4:39  Overlord x2  
  61  4:40  Drone  
  61  4:41  Extractor, Drone  
  62  4:56  Drone  
  62  4:57  Extractor  
  62  5:00  Zergling x10, Zerg Missile Weapons Level 1  
  62  5:01  Zergling x8  
  62  5:03  Overlord  
  71  5:08  Extractor  
  70  5:22  Drone x2  
  70  5:27  Drone  
  70  5:28  Drone x2  
  74  5:29  Drone x3  
  74  5:30  Drone x3  
  74  5:32  Extractor  
  74  5:34  Drone  
  80  5:41  Drone  
  81  5:43  Hydralisk Den  
  81  5:47  Drone x2  
  81  5:48  Drone x6  
  88  5:57  Overlord x2  
  88  6:17  Hydralisk, Muscular Augments  
  90  6:22  Overlord x3  
  90  6:24  Overlord x4  
  90  6:29  Hatchery  
  89  6:47  Hydralisk  
  89  6:48  Hydralisk x12  
  115  7:02  Hydralisk x3  
  115  7:04  Overlord x3  
  121  7:08  Baneling Nest  
  121  7:09  Zerg Missile Weapons Level 2  
  121  7:13  Overlord x2  
  120  7:18  Hydralisk  
  122  7:27  Overseer  
  122  7:31  Hydralisk x4  
  122  7:32  Zergling x2  
  132  7:51  Zergling x2  
  132  7:52  Centrifical Hooks, Zergling x22  
  132  7:54  Baneling x4  
  132  7:55  Baneling x15  
  132  7:56  Baneling x3  
  132  7:57  Baneling  
  143  8:00  Queen  
  143  8:01  Drone  
  143  8:03  Drone x2  
  143  8:04  Drone  
  149  8:06  Drone  
  149  8:07  Drone x2  
  149  8:09  Drone  
  149  8:10  Drone  
  141  8:39  Hydralisk  
  141  8:40  Hydralisk x10  
  148  8:42  Zergling x2  
  148  8:43  Zergling x14  
  156  8:50  Spore Crawler  
  154  8:58  Infestation Pit  
  152  9:16  Baneling  
  152  9:17  Hydralisk x4, Baneling x2  
  148  9:18  Hydralisk x3  
  148  9:19  Overlord x3  
  148  9:20  Zergling x2  
  148  9:21  Zergling x8  
  148  9:22  Baneling  
  148  9:23  Baneling x2  
  154  9:40  Overseer  
  154  9:44  Hatchery, Hive  
  153  9:45  Spire, Zergling x2  
  153  9:46  Zergling x26  
  153  9:49  Baneling x3  
  119  10:12  Hydralisk  
  119  10:13  Hydralisk x11  
  128  10:19  Hydralisk x4  
  130  10:26  Baneling x5  
  130  10:27  Zergling x4, Baneling  
  132  10:33  Extractor x2  
  130  11:03  Greater Spire  
  126  11:06  Drone  
  126  11:07  Drone x4  
  126  11:09  Baneling x2  
  126  11:10  Hydralisk x2, Zergling x2, Baneling x3  
  126  11:11  Zergling x12  
  136  11:12  Zergling x12  
  136  11:17  Drone x2  
  142  11:54  Zergling x2  
  142  11:55  Zergling x30  
  142  11:56  Zergling x6  
  97  12:18  Corruptor x9  
  92  12:24  Hydralisk  
  93  12:30  Hydralisk x2  
  93  12:35  Baneling x16  
  93  12:36  Hydralisk  
  92  12:45  Swarm Host  
  95  12:56  Brood Lord x2  
  95  12:57  Brood Lord x2  
  103  13:07  Hydralisk x3, Zergling x10  
  114  13:19  Hatchery  

Tags
 
Add a new tag
Caveats
  • Supply blocks, unpowered buildings, or Contaminate may cause inaccurate times.
  • Supply counts are checked every 10 seconds.